 Dungeon Crawl Stone Soup version 0.29.1-2-gbd0b4ee654 (webtiles) character file.

Game seed: 12572569403112910099

13 Sabo the Trooper (level 2, 19/19 HPs)
             Began as a Gargoyle Fighter on Nov 23, 2022.
             Was a Follower of Fedhas.
             Got out of the dungeon alive.
             The game lasted 00:02:38 (888 turns).

Sabo the Trooper (Gargoyle Fighter)                  Turns: 888, Time: 00:02:39

Health: 19/19      AC:  9    Str: 19    XL:     2   Next: 37%
Magic:  2/2        EV:  9    Int:  8    God:    Fedhas [*.....]
Gold:   56         SH:  4    Dex:  9    Spells: 1/1 levels left

rFire   . . .      SeeInvis .   a - +0 war axe
rCold   . . .      Faith    .   c - +0 buckler
rNeg    + . .      Spirit   .   b - +0 scale mail
rPois   ∞          Reflect  .   (no helmet)
rElec   +          Harm     .   (no cloak)
rCorr   .          Rampage  .   (no gloves)
Will    .....                   (no boots)
Stlth   ..........              (no amulet)
HPRegen 0.06/turn               (no ring)
MPRegen 0.08/turn               (no ring)

@: no status effects
A: sickness immunity, AC +2, negative energy resistance 1, electricity
resistance, torment resistance 1, petrification resistance
a: Renounce Religion


You escaped.
You worshipped Fedhas.
Fedhas was aware of your devotion.
You visited 1 branch of the dungeon, and saw 1 of its levels.

You collected 56 gold pieces.

Inventory:

Hand Weapons
 a - a +0 war axe (weapon)
Armour
 b - a +0 scale mail (worn)
 c - a +0 buckler (worn)
Scrolls
 e - a scroll of enchant weapon {unknown}
 f - a scroll of magic mapping {unknown}
Potions
 d - a potion of might


   Skills:
 + Level 3.5 Fighting
 + Level 2.1 Axes
 + Level 3.4 Armour
 + Level 3.4 Shields


You had one spell level left.
You didn't know any spells.
Your spell library was empty.

Dungeon Overview and Level Annotations

Branches:
Dungeon (1/15)

Altars:
Fedhas


Innate Abilities, Weirdness & Mutations

You are immune to sickness and miasma.
Your stone body is resilient. (AC +2)
You are immune to poison.
You resist negative energy. (rN+)
You are resistant to electric shocks. (rElec)
You are resistant to unholy torment.
You are immune to petrification.


Message History

The ball python bites you but does no damage.
You block the ball python's attack.
You slash the ball python!
You kill the ball python!
You start resting.
HP restored.
You now have 47 gold pieces (gained 8).
Found 9 gold pieces.
Found a scroll labelled DEUCRI UWNA.
You now have 56 gold pieces (gained 9).
f - a scroll labelled DEUCRI UWNA
Found a faded altar of an unknown god.
A bat comes into view.
The bat hits you but does no damage.
You miss the bat. You block the bat's attack. The bat barely misses you.
You miss the bat. You block the bat's attack.
The bat hits you but does no damage. The bat misses you.
You closely miss the bat. The bat closely misses you.
The bat barely misses you. The bat closely misses you.
You hit the bat but do no damage. The bat hits you but does no damage.
You closely miss the bat. The bat closely misses you. x2
You closely miss the bat. The bat hits you.
You closely miss the bat. The bat barely misses you.
The bat completely misses you.
You slash the bat!
You kill the bat!
You start resting.
HP restored.
There is a faded altar of an unknown god here.
You cannot tell which god this altar belongs to.
Convert to them anyway?
Fedhas accepts your prayer! Fedhas welcomes you!
The plants of the dungeon cease their hostilities.
There is a staircase leading out of the dungeon here.
You can't go down here!
Are you sure you want to leave the Dungeon?
This will make you lose the game!
You have escaped!

#.# ###............ #.#
##.###.###### #.# #.....# #.#
###.#.#.### .. .. #.#
#.........# #####.##..
#####.#####.#.#.#.#.###.........
#.....†.......#.#..............#
#.....).#.#.###.###.#.#.........
#..[....#......@......#.........
#.......#.#.###.###.#.#.........
#.............#.#...............
#.......###.#.#.#.#.###.........
#........ #.........#...........
#........####.#.#.###...........
########## #.....#.........#...
###.###.#####..†....##
############...# ### ##..††...#.


There were no monsters in sight!

Vanquished Creatures
  A goblin (D:1)
  A hobgoblin (D:1)
  2 jackals (D:1)
  A quokka (D:1)
  4 ball pythons (D:1)
  2 bats (D:1)
11 creatures vanquished.

Notes
Turn   | Place    | Note
-------+----------+-------------------------------------------
     0 | D:1      | Sabo the Gargoyle Fighter began the quest for the Orb.
     0 | D:1      | Reached XP level 1. HP: 14/14 MP: 1/1
   283 | D:1      | Reached XP level 2. HP: 6/19 MP: 2/2
   825 | D:1      | Found a faded altar of an unknown god.
   865 | D:1      | Prayed at the altar of an unknown god.
   865 | D:1      | Became a worshipper of Fedhas Madash
   865 | D:1      | Reached * piety under Fedhas
   888 | D:$      | Got out of the dungeon alive.

Illustrated notes

Levels and vault maps discovered:
D:1:      roderic_chinese_lattice_arrival, layout_rooms, basic_ecumenical_altar,
          chequers_serial_rivers_large_b

Skill      XL: |  1  2 |
---------------+-------+-----
Axes           | 2 |  2.1
Fighting       | |  3.5
Armour         | |  3.4
Shields        | |  3.4

Action                   || total
-------------------------++-------
Melee: War axe           ||    36
Armor: Scale mail        ||    23
Dodge: Dodged            ||    29
Block: Buckler           ||    11
